 Dungeon Crawl Stone Soup version 0.29.1-12-g30fa7ad0bf (webtiles) character file.

Game seed: 4155790453398864378

7133 sillycutie the Severer (level 10, -1/86 HPs)
             Began as a Minotaur Berserker on Jan 14, 2023.
             Was a Believer of Trog.
             Slain by a sun demon (18 damage)
             ... summoned by a kobold demonologist
             ... on level 9 of the Dungeon.
             The game lasted 01:04:37 (11536 turns).

sillycutie the Severer (Minotaur Berserker)        Turns: 11536, Time: 01:04:38

Health: -1/86      AC: 15    Str: 25    XL:     10   Next: 85%
Magic:  9/9        EV: 10    Int:  4    God:    Trog [**....]
Gold:   503        SH:  0    Dex: 17    Spells: 9/9 levels left

rFire   . . .      SeeInvis .   D - +1 war axe
rCold   . . .      Faith    .   (no shield)
rNeg    + . .      Spirit   .   L - +0 plate armour
rPois   .          Reflect  .   (helmet restricted)
rElec   .          Harm     .   y - +0 cloak {rCorr}
rCorr   +          Rampage  .   b - +0 pair of gloves
Will    ++...                   (no boots)
Stlth   ..........              (no amulet)
HPRegen 1.24/turn               i - +6 ring of dexterity
MPRegen 0.11/turn               x - ring of positive energy

@: strong-willed (expiring), on berserk cooldown, regenerating (expiring),
slowed, very slow
A: horns 2, retaliatory headbutt
a: Renounce Religion, Berserk, Trog's Hand


You were on level 9 of the Dungeon.
You worshipped Trog.
Trog was pleased with you.
You visited 1 branch of the dungeon, and saw 9 of its levels.

You collected 568 gold pieces.
You spent 65 gold pieces at shops.

Inventory:

Hand Weapons
 a - a +1 hand axe
 c - a +0 morningstar
 p - a +3 vorpal hand axe
 D - a +1 war axe (weapon)
Missiles
 e - 22 poisoned darts (quivered)
 k - 64 stones
 s - a throwing net
Armour
 b - a +0 pair of gloves (worn)
 y - a +0 cloak of preservation (worn)
 L - a +0 plate armour (worn)
Jewellery
 i - a +6 ring of dexterity (left hand)
 x - a ring of positive energy (right hand)
Wands
 n - a wand of polymorph (7)
 J - a wand of digging (8)
 M - a wand of flame (14)
Scrolls
 f - a scroll of amnesia
 g - a scroll of fear
 j - a scroll of noise {unknown}
 m - 2 scrolls of blinking
 o - 2 scrolls of torment
 u - a scroll of brand weapon
 A - 2 scrolls of identify
 B - 2 scrolls of immolation {unknown}
 E - 6 scrolls of teleportation
 F - a scroll of silence {unknown}
 K - 2 scrolls of vulnerability {unknown}
Potions
 d - 6 potions of curing
 h - a potion of invisibility
 l - 2 potions of heal wounds
 q - a potion of flight
 r - a potion of lignification
 t - 6 potions of attraction
 w - a potion of berserk rage
 z - 2 potions of degeneration
 C - a potion of ambrosia
 G - 3 potions of haste {unknown}
 H - a potion of mutation {unknown}
 I - a potion of might {unknown}


   Skills:
 - Level 7.0 Fighting
 + Level 17.0 Axes
 - Level 6.4 Armour
 - Level 5.7 Dodging


You had 9 spell levels left.
You didn't know any spells.
Your spell library was empty.

Dungeon Overview and Level Annotations

Branches:
Dungeon (9/15)             Temple (0/1) D:7            Lair (0/5) D:9
    Orc: D:9-12

Altars:
Dithmenos
Hepliaklqana
Kikubaaqudgha
Ru
Trog
Wu Jian

Shops:
D:1 (   D:2 (!*   D:4 *

Annotations:
D:6 2 runed translucent doors


Innate Abilities, Weirdness & Mutations

You have a pair of horns on your head.
You reflexively headbutt those who attack you in melee.


Message History

You slash the orange demon!
You kill the orange demon!
The orange demon disappears in a puff of smoke!
You slash the kobold demonologist!
You are engulfed in a cloud of scalding steam.
The kobold demonologist hits you but does no damage.
Things that are here:
a +0 whip; a curare-tipped dart; a kobold corpse You feel a strong urge to attack something.
The kobold demonologist casts a spell.
You are too berserk!
You feel your anger nearly subside.
You are no longer berserk.
You are exhausted.
You feel yourself slow down. The sun demon barely misses you.
You furiously retaliate!
You headbutt the sun demon, but do no damage.
You barely miss the kobold demonologist.
The kobold demonologist is moderately wounded.
You hit the sun demon but do no damage. The sun demon hits you!
You are engulfed in flames!
The kobold demonologist looks encouraged for a moment.
The sun demon hits you!
You are engulfed in flames!
* * * LOW HITPOINT WARNING * * *
As you read the scroll of butterflies, it crumbles to dust.
You hear the tinkle of a tiny bell.
You feel the effects of Trog's Hand fading.
The kobold demonologist closely misses you.
The sun demon hits you but does no damage.
The kobold demonologist hits you with a +0 dagger.
* * * LOW HITPOINT WARNING * * *
You swap places.
The sun demon hits your butterfly!!
Your butterfly dies!
Your butterfly disappears in a burst of colours!
The kobold demonologist mumbles some strange words.
Send 'em back where they came from!
Trog shields your ally from puny magic! The sun demon hits you!
* * * LOW HITPOINT WARNING * * *
You are engulfed in flames!!
You die...

..............#
+.............##
..............#
#.............#
.<........)...#
######'########
#######+#######
##.# #..#
######'########
####
#.............#


K.KKK #####..b..........### .KKKK.#KK3@.............'..
.KKKKKKK###.............### .K.KKK### #.............# ###### ############### You
could see a sun demon (summoned), a kobold demonologist (ally target), 7 kobold
brigands and 2 kobolds.

Vanquished Creatures
  2 two-headed ogres
  The ghost of ThatPearl the Trooper, a novice DsBe of Trog (D:6)
  A troll (D:6)
  Grinder (D:6)
  A hornet (D:7)
  Sigmund (D:6)
  A wyvern (D:8)
  4 yaks
  3 steam dragons
  Edmund (D:5)
  An acid dragon (D:6)
  A water moccasin (D:5)
  2 ice beasts
  4 orc warriors
  3 ogres
  2 sky beasts
  A phantom (D:5)
  2 kobold brigands
  3 bullfrogs
  4 necrophages
  4 scorpions
  3 wights (D:8)
  7 killer bees
  A howler monkey (D:9)
  2 orc priests
  3 jellies
  2 hounds (D:6)
  Crazy Yiuf (D:4)
  A gnoll bouda (D:6)
  Terence (D:3)
  4 iguanas
  8 orc wizards
  9 gnolls
  2 river rats (D:5)
  6 adders
  A white imp (D:6)
  An ufetubus (D:5)
  5 worms
  3 dart slugs
  32 orcs
  12 endoplasms
  5 giant cockroaches
  5 goblins
  12 hobgoblins
  15 jackals
  4 quokkas
  5 ball pythons
  8 bats
  A frilled lizard (D:1)
  10 kobolds
  8 rats
  A spectral goblin (D:1)
221 creatures vanquished.

Vanquished Creatures (others)
  An ufetubus (D:6)
  A plant (D:4)
2 creatures vanquished.

Grand Total: 223 creatures vanquished

Notes
Turn   | Place    | Note
-------+----------+-------------------------------------------
     0 | D:1      | sillycutie the Minotaur Berserker began the quest for the
                  | Orb.
     0 | D:1      | Reached XP level 1. HP: 19/19 MP: 0/0
   189 | D:1      | Found a faded altar of an unknown god.
   194 | D:1      | Reached XP level 2. HP: 27/27 MP: 1/1
   543 | D:1      | Reached skill level 4 in Axes
  1184 | D:1      | Reached XP level 3. HP: 33/33 MP: 2/2
  1317 | D:1      | Found Piwasuig's Weapon Emporium.
  1488 | D:2      | Reached ** piety under Trog
  1730 | D:2      | Found Rewath's Weapon Shop.
  1737 | D:2      | Found Luxesoem's Distillery.
  1741 | D:2      | Bought a potion of heal wounds for 65 gold pieces
  1778 | D:2      | Reached XP level 4. HP: 41/41 MP: 3/3
  2109 | D:2      | Found Kadik's General Store.
  2412 | D:3      | Noticed an ogre
  2412 | D:3      | Noticed Terence
  2433 | D:2      | Killed an ogre
  2434 | D:2      | Reached XP level 5. HP: 24/47 MP: 4/4
  3171 | D:3      | Killed Terence
  3172 | D:3      | Reached skill level 5 in Fighting
  3612 | D:4      | You fall into a shaft and drop 2 floors!
  3625 | D:6      | Noticed Grinder
  3625 | D:6      | Paralysed by Grinder for 4 turns
  3638 | D:6      | Reached skill level 5 in Axes
  3638 | D:6      | Reached XP level 6. HP: 56/56 MP: 5/5
  3641 | D:6      | Killed Grinder
  3642 | D:6      | Reached skill level 5 in Armour
  3694 | D:6      | Reached XP level 7. HP: 62/62 MP: 6/6
  3764 | D:6      | Noticed Sigmund
  3773 | D:6      | Killed Sigmund
  3774 | D:6      | Reached skill level 6 in Axes
  3939 | D:5      | Entered Level 5 of the Dungeon
  3950 | D:4      | Found Etuyjeus's General Store.
  3955 | D:4      | Reached skill level 5 in Dodging
  4161 | D:4      | Found a shadowy altar of Dithmenos.
  4165 | D:4      | Found a bloodstained altar of Trog.
  4166 | D:4      | Found a sacrificial altar of Ru.
  4221 | D:4      | Found a runed translucent door.
  4222 | D:4      | Noticed Crazy Yiuf
  4230 | D:4      | Killed Crazy Yiuf
  4877 | D:4      | Reached XP level 8. HP: 50/71 MP: 7/7
  5360 | D:5      | Reached skill level 7 in Axes
  5537 | D:5      | Noticed Edmund
  5547 | D:5      | Killed Edmund
  5548 | D:5      | Reached skill level 8 in Axes
  6299 | D:6      | Reached skill level 9 in Axes
  7179 | D:6      | Noticed ThatPearl's ghost (novice DsBe)
  7180 | D:6      | Found a runed translucent door.
  7202 | D:6      | Killed ThatPearl's ghost
  7203 | D:6      | Reached skill level 10 in Axes
  7203 | D:6      | Reached XP level 9. HP: 65/79 MP: 8/8
  7559 | D:6      | Found a large runed translucent door.
  7559 | D:6      | Found a large runed translucent door.
  7570 | D:6      | Reached skill level 11 in Axes
  7748 | D:6      | Noticed a two-headed ogre
  7755 | D:6      | Killed a two-headed ogre
  7756 | D:6      | Reached skill level 12 in Axes
  8111 | D:6      | Reached skill level 13 in Axes
  8117 | D:6      | Found a large runed translucent door.
  8117 | D:6      | Found a large runed translucent door.
  8122 | D:6      | Identified the +8 falchion "Ofaatij" {vorpal, *Rage *Noise
                  | rElec Will+++}
  8331 | D:6      | Noticed a troll
  8336 | D:6      | Killed a troll
  8502 | D:7      | Found a staircase to the Ecumenical Temple.
  8548 | D:7      | Reached skill level 14 in Axes
  8695 | D:7      | Found an ornate altar of the Wu Jian Council.
  8695 | D:7      | Found an ancient bone altar of Kikubaaqudgha.
  8728 | D:7      | Reached XP level 10. HP: 86/86 MP: 9/9
 10072 | D:8      | Reached skill level 15 in Axes
 10359 | D:8      | Identified the +6 flail of Certain Death {vorpal, *Slow rN+
                  | Dex+8 SInv}
 10733 | D:8      | Reached skill level 16 in Axes
 11050 | D:9      | Noticed a two-headed ogre
 11060 | D:9      | Killed a two-headed ogre
 11313 | D:9      | Found a hazy altar of Hepliaklqana.
 11393 | D:9      | Found a staircase to the Lair.
 11524 | D:9      | Reached skill level 17 in Axes
 11524 | D:9      | Noticed an orange demon
 11531 | D:9      | Noticed a sun demon
 11536 | D:9      | Slain by a sun demon

Illustrated notes

Levels and vault maps discovered:
D:1:      amcnicky_arrival_abandoned_market, layout_loops_cross, serial_shops,
          nicolae_shop_bloodbath_and_beyond,
          dreamdust_ecumenical_altar_drowned_temple, hangedman_feature_mirror,
          st_stairs_14, minmay_misc_feat_rows, glass_columns_b
D:2:      layout_basic, serial_shops, nicolae_lakefront_shop, shop,
          shop_fountains, minmay_misc_feat_iff
D:3:      layout_basic, uniq_terence
D:4:      layout_basic, gammafunk_temple_overflow_forgotten,
          nicolae_stop_n_shop_2, uniq_crazy_yiuf_cottage
D:5:      layout_basic, lightli_sewer_entry_pipes, uniq_edmund
D:6:      layout_rooms, hellmonk_ghost_happy_afterlife,
          minmay_hollow_rounded_squares, uniq_sigmund, uniq_grinder
D:7:      layout_loops_corners, gammafunk_temple_overflow_wave,
          minmay_temple_entry_mini_moons
D:8:      layout_rooms
D:9:      layout_roguey [special_room_kobold],
          mainiacjoe_overflow_concentric_impassable, lair_entry_dummy

Skill      XL: |  1  2  3  4  5  6  7  8  9 10 |
---------------+-------------------------------+-----
Axes           | 4 5 6 10 14 17 | 17.0
Fighting       | 4 5 6 7 |  7.0
Armour         | 3 4 5 6 |  6.4
Dodging        | 3 4 5 |  5.7

Action                   |  1- 3 |  4- 6 |  7- 9 | 10-12 || total
-------------------------+-------+-------+-------+-------++-------
Melee: Hand axe          |    89 |    65 |    97 |       ||   251
       Headbutt          |    10 |    18 |    35 |    25 ||    88
       Punch             |     1 |       |     2 |     2 ||     5
       War axe           |       |       |    93 |   128 ||   221
Throw: Stone             |     2 |     8 |       |       ||    10
       Dart              |       |       |    11 |       ||    11
Invok: Berserk           |     3 |     4 |     9 |     5 ||    21
       Trog's Hand       |     1 |     4 |     9 |     5 ||    19
  Use: Scroll            |     1 |    10 |     8 |     1 ||    20
       Potion            |       |       |     1 |       ||     1
Armor: Animal skin       |     1 |       |       |       ||     1
       Leather armour    |     7 |       |       |       ||     7
       Scale mail        |    18 |       |       |       ||    18
       Chain mail        |     3 |    19 |    71 |    36 ||   129
       Plate armour      |       |       |       |    24 ||    24
Dodge: Dodged            |    56 |    39 |    89 |    44 ||   228
